 Dungeon Crawl Stone Soup version 0.31-a0-145-g046c7d2549 (webtiles) character file.

Game seed: 8366776295071002153

95 Elmgren the Sneak (level 4, 21/21 HPs)
             Began as a Spriggan Venom Mage on June 7, 2023.
             Quit the game on level 2 of the Dungeon.
             The game lasted 00:07:06 (2619 turns).

Elmgren the Sneak (Spriggan Venom Mage)             Turns: 2619, Time: 00:07:07

Health: 21/21      AC:  2    Str:  4    XL:     4   Next: 39%
Magic:  10/10      EV: 18    Int: 18    God:
Gold:   117        SH:  0    Dex: 15    Spells: 9/10 levels left

rFire   . . .        k - staff of cold
rCold   + . .        (shield currently unavailable)
rNeg    . . .        a - +0 robe
rPois   .            (helmet restricted)
rElec   .            (no cloak)
rCorr   .            (gloves unavailable)
SInv    +            (boots unavailable)
Will    .....        (no amulet)
Stlth   +++          (no ring)
HPRegen 0.23/turn    (no ring)
MPRegen 0.12/turn

%: no passive effects
@: very quick
A: very small, no large weapons, unfitting armour, see invisible, speed 3
a: no special abilities


You were on level 2 of the Dungeon.
You visited 1 branch of the dungeon, and saw 2 of its levels.

You collected 117 gold pieces.

Inventory:

Armour
 a - a +0 robe (worn)
 d - a +0 kite shield
 l - a +0 pair of gloves
Magical Staves
 k - a staff of cold (weapon)
Scrolls
 c - 2 scrolls of immolation {unknown}
 h - a scroll of poison {unknown}
 i - a scroll of blinking {unknown}
 m - a scroll of enchant armour {unknown}
 n - a scroll of noise {unknown}
Potions
 b - a potion of magic
 e - a potion of resistance {unknown}
 f - a potion of berserk rage {unknown}
 g - a potion of mutation {unknown}
 j - a potion of attraction {unknown}


   Skills:
 + Level 3.6 Dodging
 + Level 4.2 Stealth
 + Level 3.5 Spellcasting
 + Level 2.8 Transmutations
 + Level 3.5 Poison Magic


You had 9 spell levels left.
You knew the following spells:

 Your Spells              Type           Power      Damage    Failure   Level
a - Sting                 Tmut/Pois      56%        1d5       4%          1

Your spell library contained the following spells:

 Spells                   Type           Power      Damage    Failure   Level
 Poisonous Vapours        Pois/Air       18%        N/A       12%         2
 Mephitic Cloud           Conj/Pois/Air  7%         N/A       28%         3
 Olgreb's Toxic Radiance  Pois           15%        N/A       36%         4


Dungeon Overview and Level Annotations

Branches:
Dungeon (2/15) Zot: 9888

Altars:

Shops:
D:1 !


Innate Abilities, Weirdness & Mutations

You are very small and have problems with some larger weapons.
You are too small for most types of armour.
You have supernaturally acute eyesight. (SInv)
You cover ground extremely quickly. (Speed+++)


Message History

Confirm with . or Enter, or press ? or * to list all spells.
Aiming: Sting (safe; 4% risk of failure)
Press: ? - help, Shift-Dir - straight line, f/p - jackal
Aim: a jackal (moderately wounded, poisoned, 64% to hit)
The sting misses the jackal.
The jackal misses you.
Casting: Sting (safe; 4% risk of failure)
Confirm with . or Enter, or press ? or * to list all spells.
Aiming: Sting (safe; 4% risk of failure)
Press: ? - help, Shift-Dir - straight line, f/p - jackal
Aim: a jackal (moderately wounded, poisoned, 64% to hit)
The sting hits the jackal but does no damage.
The jackal looks even sicker.
The jackal is moderately wounded.
The jackal closely misses you. x2
You hit the jackal.
The jackal is severely wounded.
The jackal barely misses you.
A jackal is nearby!
You hit the jackal but do no damage.
The jackal is severely wounded.
You kill the jackal!
You see here a jackal corpse.
You see here a jackal corpse.
You now have 107 gold pieces (gained 6).
Key pressed, stopping explore.
No target in view!
n - a scroll labelled PUTUUTR VUGIXY No target in view!
Found an escape hatch in the floor.
There is an escape hatch in the floor here.
No target in view!
You now have 117 gold pieces (gained 10).
Found 5 stones.
No target in view!
Found a stone staircase leading up.
No target in view!
A kobold comes into view. It is wielding a +0 short sword.
A kobold is nearby!
A kobold is nearby!
Are you sure you want to abandon this character and quit the game? (Confirm with "yes".)

..>..'.......##.# #.#####.#
######.......##.###.......#
............~~~~#######
###########~~~≈≈~######
###~~~≈≈≈≈~.....#
~~~~≈≈≈≈~~#.###.#
~~≈≈≈≈≈K~~##.# #.#
≈≈≈≈≈~~~.....# #.#
≈≈~~~~##@###.# #.# ~~~###
#...#.# #.#
##########.#####.#######
########.......................
.........########.#####.#######
########†#<....(#.# #.#
#†######.#.# #†# #.#......#.#
#.# #.#.######.# #.#


You could see a kobold (wandering).

Vanquished Creatures
  2 adders (D:2)
  4 gnolls (D:2)
  2 dart slugs
  2 endoplasms
  A giant cockroach (D:2)
  5 hobgoblins
  4 jackals (D:2)
  A kobold (D:2)
  A ball python (D:1)
  2 bats (D:2)
  3 frilled lizards
  5 goblins
  3 rats
35 creatures vanquished.

Notes
Turn   | Place    | Note
-------+----------+-------------------------------------------
     0 | D:1      | Elmgren the Spriggan Venom Mage began the quest for the
                  | Orb.
     0 | D:1      | Reached XP level 1. HP: 9/9 MP: 5/5
   473 | D:1      | Found Gaylofeb's Distillery.
   689 | D:1      | Reached XP level 2. HP: 13/13 MP: 4/6
  1238 | D:2      | Reached XP level 3. HP: 16/16 MP: 4/8
  1980 | D:2      | Reached skill level 4 in Stealth
  2016 | D:2      | Reached XP level 4. HP: 21/21 MP: 5/10
  2619 | D:2      | Quit the game

Illustrated notes

Levels and vault maps discovered:
D:1:      minmay_arrival_four_houses, layout_basic, serial_curves,
          eino_curves_02, eino_curves_02, serial_shops,
          nicolae_shop_competitors_out_of_business
D:2:      wander_river, layout_basic

Skill      XL: |  1  2  3 |
---------------+----------+-----
Dodging        | 3 |  3.6
Spellcasting   | 3 |  3.5
Transmutations | 2 |  2.8
Stealth        | 4 |  4.2
Poison Magic   | |  3.5

Action                     |  1- 3 |  4- 6 || total
---------------------------+-------+-------++-------
  Melee: Staff             |     3 |     3 ||     6
   Cast: Sting             |    60 |    18 ||    78
 Armour: Robe              |       |     1 ||     1
  Dodge: Dodged            |    29 |    11 ||    40

Table legend: (Time is in decaauts)
 A = Elapsed time spent in this place.
 B = Non-inter-level travel time spent in this place.
 C = Inter-level travel time spent in this place.
 D = Time resting spent in this place.
 E = Time spent auto-exploring this place.
 F = Levels seen in this place.
 G = Mean time per level.
                   A        B        C        D        E       F      G
               +--------+--------+--------+--------+--------+-----+--------+
         Total |   2111 |   2094 |     17 |   1050 |    687 |   2 | 1055.5 |
       Dungeon |   2111 |   2094 |     17 |   1050 |    687 |   2 | 1055.5 |
               +--------+--------+--------+--------+--------+-----+--------+

Top non-repeatable levels by time:
     D:2: 1332 daAuts
     D:1: 779 daAuts
